Map: Ever Dream LE

Players

JohnnyV - Winner!

  • Race: Terran Terran
  • League: Silver
  • Spawn Location: 7:00

HellGate

  • Race: Terran Terran
  • League: Silver
  • Spawn Location: 1:00

VOD

Have the link to the VOD?

Description

Time

  • Played on: May 23, 2020, 5:52 a.m.
  • Length: 24:51
Show
View Real Time Build Order
Export as new Build Order

JohnnyV Terran - Winner!

Build Orders:  

Get SALT Encoding   

  12  0:01  SCV  
  13  0:13  SCV  
  14  0:18  Supply Depot  
  14  0:25  SCV  
  15  0:29  Refinery  
  15  0:39  SCV  
  16  0:46  Barracks  
  16  0:51  SCV  
  17  1:04  SCV  
  18  1:10  Refinery  
  18  1:16  SCV  
  19  1:28  SCV  
  19  1:29  Supply Depot  
  20  1:36  Reaper  
  21  1:40  SCV  
  21  1:41  Bunker  
  22  1:52  SCV  
  23  2:03  Factory  
  23  2:04  SCV  
  24  2:12  Barracks Reactor  
  24  2:20  Orbital Command  
  24  2:50  Marine  
  24  2:51  Marine  
  26  2:59  Widow Mine  
  26  3:03  Command Center  
  27  3:09  Marine x2  
  29  3:14  Supply Depot  
  29  3:24  Engineering Bay  
  29  3:26  Factory Tech Lab  
  29  3:28  Marine  
  29  3:31  Marine  
  31  3:44  Starport  
  31  3:45  SCV  
  32  3:52  Siege Tank  
  32  3:55  Marine x2  
  37  4:00  SCV  
  38  4:11  Armory  
  38  4:14  Supply Depot  
  38  4:15  Marine  
  38  4:16  Marine  
  40  4:23  Medivac  
  42  4:27  Widow Mine  
  44  4:35  SCV x2  
  46  4:39  Refinery  
  46  4:43  Missile Turret  
  46  4:48  Missile Turret, Marine  
  47  4:54  Supply Depot  
  47  5:09  Siege Tank  
  47  5:10  Starport Reactor  
  47  5:11  Marine x2  
  52  5:18  Barracks  
  52  5:23  SCV  
  47  5:28  Orbital Command  
  47  6:01  Siege Tank  
  47  6:02  Marine x2  
  48  6:05  Medivac  
  48  6:07  SCV x2  
  48  6:10  Barracks Tech Lab  
  52  6:15  Missile Turret  
  52  6:22  Missile Turret  
  52  6:25  SCV x2  
  54  6:26  Missile Turret, Marine x2  
  54  6:30  Combat Shield  
  56  6:53  Sensor Tower  
  56  6:57  Marine x2  
  56  7:00  Marauder  
  60  7:10  Refinery  
  60  7:11  SCV  
  60  7:12  SCV  
  60  7:15  Medivac  
  64  7:34  SCV x2, Marine  
  64  7:35  Marine x2  
  69  7:49  Supply Depot  
  69  7:50  Supply Depot  
  69  7:54  Marine  
  70  8:00  Terran Vehicle Weapons Level 1  
  70  8:01  Medivac, Cyclone, Marauder, Marine  
  78  8:08  Terran Infantry Armor Level 1  
  77  8:23  Marauder  
  79  8:33  Stimpack  
  76  8:44  Marine  
  76  8:45  Marine x2  
  76  8:46  Thor  
  85  8:50  Medivac  
  87  9:02  Marine x2  
  87  9:03  Marine, Barracks  
  87  9:08  Barracks  
  87  9:09  Medivac  
  92  9:12  Command Center  
  92  9:20  Medivac, Missile Turret  
  94  9:28  Supply Depot  
  94  9:29  Missile Turret, Marine x3  
  97  9:31  Supply Depot  
  97  9:49  Marauder, Missile Turret, Marine x3  
  97  9:51  Thor  
  108  10:07  Viking x2, Marine x2  
  108  10:10  Marauder  
  116  10:21  Sensor Tower  
  116  10:28  Marine x2  
  116  10:32  Marauder, Barracks Tech Lab x2  
  120  10:36  Sensor Tower  
  120  10:38  Terran Infantry Weapons Level 1  
  120  10:45  Engineering Bay  
  120  10:46  SCV x3, Armory  
  123  10:50  Marine x2  
  123  10:51  Marine  
  123  10:52  Marine  
  123  10:53  Marine  
  123  10:56  Missile Turret  
  128  11:24  Marine  
  128  11:25  Marine x3  
  132  11:32  Supply Depot  
  132  11:34  Orbital Command  
  132  11:35  Supply Depot  
  132  11:36  SCV  
  133  11:53  SCV x2  
  133  11:54  Marauder x3  
  141  11:56  Marine x2  
  143  12:03  Thor  
  149  12:33  Marine x3  
  149  12:41  Viking  
  149  12:57  Viking  
  149  13:07  Marine x5  
  149  13:10  Supply Depot  
  149  13:11  Viking  
  149  13:12  Supply Depot  
  156  13:25  Marine  
  157  13:31  Thor  
  157  13:32  Marauder  
  145  13:47  Marine x4  
  119  13:52  Marine  
  106  14:04  Marine  
  106  14:05  Marine x3  
  91  14:10  Marine  
  91  14:14  Thor  
  87  14:19  SCV x2  
  87  14:20  SCV, Refinery  
  87  14:22  Marine x2  
  87  14:23  Marine x2  
  91  14:27  Barracks  
  91  14:28  Marine  
  91  14:29  Barracks  
  92  14:31  SCV  
  92  14:32  SCV, Viking  
  92  14:33  Viking  
  98  14:40  Marine x3  
  98  14:41  Marine  
  102  14:46  Marine  
  103  14:57  Thor  
  103  14:58  Marine  
  110  15:07  Marauder x2  
  110  15:08  Marauder  
  110  15:11  SCV x3  
  119  15:16  Terran Infantry Weapons Level 2  
  119  15:23  SCV, Barracks Tech Lab  
  119  15:26  Marine x2  
  122  15:28  Barracks Reactor, Marine  
  122  15:29  Marauder x2  
  122  15:30  Viking x2  
  131  15:40  Siege Tank  
  119  15:52  Marine x5  
  119  15:53  Marine  
  91  16:07  Medivac x2  
  91  16:10  Marine x5  
  100  16:12  Siege Tank  
  103  16:21  Marine x3  
  106  16:27  Marine  
  106  16:28  Command Center  
  106  16:30  Refinery x2  
  107  16:37  Marine x2  
  107  16:39  Marauder x3  
  115  16:55  Marauder  
  117  17:04  SCV  
  117  17:05  SCV  
  119  17:12  Marine x5  
  124  17:16  Command Center  
  124  17:19  Sensor Tower  
  109  17:25  Marine x3  
  109  17:29  Marine x2  
  77  17:30  Marine x2  
  77  17:32  Terran Infantry Armor Level 2  
  77  17:39  Missile Turret, Marine  
  77  17:43  Medivac, Marine x3  
  83  17:47  Marine x3  
  86  17:59  Marine x2  
  86  18:01  Marine x2, Siege Tank  
  86  18:04  Marauder  
  95  18:10  Marine x3  
  97  18:17  Marine  
  97  18:19  Marine  
  89  18:20  Marine x2  
  89  18:25  Marine  
  81  18:28  Marine x3  
  81  18:31  Unknown  
  81  18:33  Barracks, Siege Tank  
  86  18:34  Marine  
  86  18:37  Marine x3  
  86  18:40  Medivac  
  86  18:41  Medivac  
  94  18:42  Marine  
  94  18:45  Marine x2  
  94  18:46  Marine  
  98  18:52  Marine  
  98  18:55  Marine x2  
  100  18:56  Marine  
  100  19:00  Marine  
  103  19:03  Marine x3  
  103  19:05  Siege Tank  
  95  19:10  Marine  
  95  19:13  Marine x3  
  95  19:18  Marine  
  95  19:21  Marine x3  
  95  19:22  Barracks  
  99  19:28  Marine  
  99  19:31  Marine x2  
  101  19:32  Marine x2  
  101  19:36  Marine  
  105  19:39  Marine x3  
  108  19:46  Marine  
  108  19:48  SCV x3, Terran Infantry Weapons Level 3  
  112  19:55  Marine x5  
  112  19:57  Marine  
  118  20:00  SCV x2  
  119  20:07  Viking  
  119  20:08  Medivac  
  119  20:09  Marine  
  123  20:22  Planetary Fortress  
  123  20:25  Barracks Reactor  
  123  20:26  Barracks Reactor  
  123  20:29  Orbital Command  
  123  20:32  Marine x3  
  123  20:33  Marine  
  127  20:36  Marine  
  127  20:37  Marine  
  129  20:46  Starport  
  129  20:48  Starport  
  129  20:53  Marine x2  
  129  20:54  Marauder, Marine x2  
  129  20:55  Marauder  
  137  21:04  Command Center  
  137  21:21  Marine x3  
  137  21:22  Marauder x2  
  137  21:23  Marauder x2, Marine x2  
  147  21:33  Marine  
  147  21:37  Medivac x2  
  147  21:39  Marine x3  
  155  21:40  Marine  
  155  21:41  Marine  
  155  21:44  SCV x3  
  139  21:56  Marine x5  
  139  21:57  Marine x3  
  139  21:58  Marine  
  148  22:05  Starport Tech Lab x2  
  148  22:06  Medivac  
  148  22:07  Medivac  
  141  22:29  Marine x8  
  126  22:30  Marine x2  
  107  22:46  Marine  
  107  22:47  Marine x6  
  107  22:48  Marine x3  
  114  22:58  Medivac  
  116  23:04  Marine x2  
  116  23:05  Orbital Command  
  118  23:06  Marauder  
  118  23:10  Marine x5  
  125  23:15  Marine x2  
  127  23:22  Marine  
  128  23:31  Liberator x3  
  137  23:40  Marine x3  
  137  23:41  Marine x7  
  147  23:58  Marine x4  
  147  23:59  Marine x6  
  157  24:11  Medivac  
  157  24:14  Medivac x3  
  157  24:16  Marine x4  
  169  24:17  Marauder x2  
  169  24:18  Marauder  
  174  24:30  Marine x3  
Show
View Real Time Build Order
Export as new Build Order

HellGate Terran 

Build Orders: Gas First Reaper Expand 

Get SALT Encoding   

  12  0:00  SCV  
  13  0:13  SCV  
  14  0:17  Supply Depot  
  14  0:24  Refinery  
  14  0:32  SCV  
  15  0:41  Barracks  
  15  0:45  SCV  
  16  0:57  SCV  
  17  1:09  SCV  
  18  1:21  SCV  
  19  1:31  Reaper  
  20  1:34  Orbital Command  
  20  1:45  Command Center  
  20  1:52  Supply Depot  
  20  2:01  SCV  
  21  2:10  Barracks Reactor  
  21  2:14  SCV  
  22  2:19  Refinery  
  22  2:22  Factory  
  21  2:48  Marine x2  
  21  3:10  Marine x2  
  21  3:11  Orbital Command  
  23  3:21  Supply Depot  
  23  3:27  Marine  
  23  3:28  Marine  
  23  3:32  SCV  
  26  3:39  SCV  
  27  3:44  SCV  
  27  3:45  Marine x2  
  27  3:48  Engineering Bay  
  30  3:51  SCV  
  31  3:57  Supply Depot  
  31  3:58  Factory Tech Lab  
  31  4:01  Starport  
  31  4:07  SCV  
  31  4:08  Barracks  
  32  4:17  Marine x2  
  32  4:18  Siege Tank  
  32  4:19  SCV  
  32  4:23  Engineering Bay  
  32  4:24  Terran Infantry Weapons Level 1  
  38  4:26  SCV  
  39  4:37  Missile Turret, Marine x2  
  41  4:38  SCV  
  41  4:40  Supply Depot  
  42  4:57  Barracks Tech Lab  
  42  5:02  Banshee  
  45  5:08  Factory Reactor  
  45  5:12  Marine x2  
  47  5:15  Supply Depot  
  47  5:20  Marine  
  48  5:22  Stimpack  
  48  5:25  Terran Infantry Armor Level 1  
  48  5:28  Armory  
  48  5:29  Marine  
  48  5:31  SCV  
  50  5:36  Refinery  
  50  5:44  SCV, Supply Depot  
  48  6:06  Banshee  
  49  6:14  Marine x2  
  49  6:15  Marauder  
  53  6:29  SCV  
  53  6:31  Terran Infantry Weapons Level 2  
  54  6:36  Supply Depot  
  54  6:40  Cloaking Field  
  54  6:41  SCV  
  54  6:42  Marine x2  
  58  6:47  SCV  
  58  6:53  SCV  
  58  6:54  Refinery  
  59  6:59  SCV  
  60  7:02  Marine x2  
  60  7:08  Raven  
  62  7:15  Marine  
  65  7:19  Marine  
  66  7:29  Terran Infantry Armor Level 2  
  66  7:38  Missile Turret  
  66  7:39  Missile Turret  
  66  7:41  Combat Shield  
  63  8:26  Marine x3  
  66  8:48  Marine x2  
  66  8:50  Marauder, Siege Tank  
  66  8:52  Medivac x2  
  77  9:01  Missile Turret  
  77  9:04  Concussive Shells  
  77  9:06  Marine x2  
  77  9:08  Missile Turret  
  79  9:11  Marauder, Barracks  
  79  9:15  SCV  
  82  9:21  Liberator  
  82  9:22  Liberator  
  88  9:27  SCV  
  89  9:37  Siege Tank  
  92  10:00  Barracks Reactor  
  92  10:04  Marine  
  92  10:05  Marine  
  94  10:45  Liberator  
  94  10:46  Supply Depot, Marauder  
  94  10:48  Terran Infantry Weapons Level 3  
  94  10:49  Terran Infantry Armor Level 3  
  99  10:52  Terran Vehicle Weapons Level 1  
  99  10:53  Marine x2  
  99  10:54  Marine  
  99  10:55  Marine  
  103  11:00  Siege Tank  
  106  11:23  Marine  
  106  11:24  Marine x3  
  110  11:29  Missile Turret  
  110  11:40  Marine  
  110  11:41  Marine x2  
  110  11:42  Marine x2  
  115  11:49  Widow Mine  
  117  11:59  Marine  
  118  12:02  Supply Depot  
  118  12:03  Supply Depot  
  118  12:06  Supply Depot  
  118  12:25  Medivac x2, Marauder, Widow Mine  
  78  13:42  Marine x5  
  70  13:59  Marine x2  
  70  14:00  Marine x3  
  50  14:18  Marauder  
  48  14:24  Marine x4  
  52  14:40  Marauder  
  52  14:42  Marine x4  
  58  15:00  Marine x4  
  58  15:01  Marine  
  58  15:03  Siege Tank  
  66  15:17  Marine  
  66  15:19  Marauder  
  69  15:35  Siege Tank  
  72  15:40  Marauder  
  54  16:05  Marine x5  
  54  16:07  Medivac x2  
  64  16:18  SCV  
  64  16:23  Marine x3  
  64  16:24  Marauder, Marine  
  70  16:30  SCV  
  71  16:33  Siege Tank  
  71  16:37  Medivac x2  
  78  16:41  Marine x4  
  78  16:45  Marauder  
  84  16:59  Marine x4  
  88  17:05  Siege Tank  
  88  17:06  Marauder  
  93  17:17  Marine x4  
  87  17:28  Marauder  
  78  17:37  Medivac x2  
  82  17:49  Marauder  
  84  17:53  Marine x4  
  88  18:10  Marine  
  88  18:11  Marine x2  
  74  18:28  Marauder, Marine x2  
  74  18:29  Marine x2  
  74  18:30  Siege Tank  
  83  18:45  Marine  
  84  18:50  Marauder  
  86  19:02  Siege Tank  
  68  19:20  Marine x4  
  68  19:21  Marine  
  73  19:38  Marine x2  
  74  19:39  Marauder  
  77  19:48  Marine x2  
  79  20:00  Marauder  
  61  20:21  Marine x3  
  61  20:22  Marine x2  
  61  20:27  Fusion Core  
  66  20:34  Starport  
  66  20:40  Marauder, Orbital Command  
  68  20:53  Marine x3  
  68  20:54  Marine  
  72  21:01  Marauder  
  74  21:11  Marine  
  75  21:21  Refinery  
  70  21:48  Starport Tech Lab  
  66  22:03  Viking  
  66  22:08  Weapon Refit  
  48  22:45  Marine  
  48  22:46  Marine x2  
  48  22:47  Battlecruiser  
  56  23:07  Battlecruiser  
  62  23:23  Orbital Command  
  62  24:06  Refinery  
Tags
 
Add a new tag
Caveats
  • Supply blocks, unpowered buildings, or Contaminate may cause inaccurate times.
  • Supply counts are checked every 10 seconds.